 Dungeon Crawl Stone Soup version 0.26-a0-284-g73c0fb6129 (webtiles) character file.

Game seed: 5187228586453985975

3 Froggeryz the Chopper (level 1, 0/23 HPs)
             Began as a Gnoll Chaos Knight on July 13, 2020.
             Was a Plaything of Xom.
             Slain by a lindwurm (glowing shapeshifter) (10 damage)
             ... on level 1 of the Dungeon.
             The game lasted 00:00:13 (138 turns).

Froggeryz the Chopper (Gnoll Chaos Knight)           Turns: 138, Time: 00:00:13

Health: 0/23       AC:  5    Str: 14    XL:     1   Next: 50%
Magic:  1/1        EV: 12    Int: 14    God:    Xom [..*...]
Gold:   47         SH:  0    Dex: 14    Spells: 0/0 levels left

rFire    . . .     SeeInvis .   a - +0 hand axe (chaos)
rCold    . . .     Faith    .   (no shield)
rNeg     . . .     Spirit   .   b - +2 leather armour
rPois    .         Reflect  .   (no helmet)
rElec    .         Harm     .   (no cloak)
rCorr    .                      (no gloves)
MR       .....                  (no boots)
Stlth    +.........             (no amulet)
HPRegen  0.07/turn              (no ring)
MPRegen  0.07/turn              (no ring)

@: no status effects
A: distributed training, fangs 1, strong nose
a: Renounce Religion


You were on level 1 of the Dungeon.
You worshipped Xom.
You were a toy of Xom.
You visited 1 branch of the dungeon, and saw 1 of its levels.

You collected 47 gold pieces.

Inventory:

Hand Weapons
 a - a +0 hand axe of chaos (weapon)
Armour
 b - a +2 leather armour (worn)
Jewellery
 c - a cursed ring of protection from magic {unknown}
Scrolls
 d - a scroll of remove curse {unknown}
 e - a scroll of blinking {unknown}


   Skills:
 + Level 6.4 Fighting
 + Level 0.0 Short Blades
 + Level 0.0 Long Blades
 + Level 6.4 Axes
 + Level 0.0 Maces & Flails
 + Level 0.0 Polearms
 + Level 0.0 Staves
 + Level 0.0 Slings
 + Level 0.0 Bows
 + Level 0.0 Crossbows
 + Level 0.0 Throwing
 + Level 4.4 Armour
 + Level 2.3 Dodging
 + Level 0.0 Stealth
 + Level 0.0 Shields
 + Level 0.0 Unarmed Combat
 + Level 0.0 Spellcasting
 + Level 0.0 Conjurations
 + Level 0.0 Hexes
 + Level 0.0 Charms
 + Level 0.0 Summonings
 + Level 0.0 Necromancy
 + Level 0.0 Translocations
 + Level 0.0 Transmutations
 + Level 0.0 Fire Magic
 + Level 0.0 Ice Magic
 + Level 0.0 Air Magic
 + Level 0.0 Earth Magic
 + Level 0.0 Poison Magic
 + Level 0.1 Invocations
 + Level 0.0 Evocations


You couldn't memorise any spells.
You didn't know any spells.
Your spell library was empty.

Dungeon Overview and Level Annotations

Branches:
Dungeon (1/15)

Altars:


Innate Abilities, Weirdness & Mutations

Your experience applies equally to all skills.
You have very sharp teeth.
Your uncanny sense of smell can sniff out nearby items.


Message History

The moth of wrath barely misses you.
You hit the moth of wrath.
The moth of wrath is moderately wounded.
The moth of wrath changes into a lindwurm!
A lindwurm is nearby!
You hit the lindwurm but do no damage. You drain the lindwurm.
You bite the lindwurm.
The lindwurm is lightly wounded.
You hit the lindwurm but do no damage.
The lindwurm is lightly wounded.
Xom grants you insight.
You feel aware of your surroundings. The lindwurm bites you!
The lindwurm claws you. The lindwurm barely misses you.
You aren't carrying any potions.
Unknown command.
You hit the lindwurm.
The lindwurm is lightly wounded.
The lindwurm bites you!
You die...
Xom giggles madly!
P.P.P...P.P......
PPPPPPP.PPP....###

# P...P.....P......,*.#
PPP.P.P.P.P....#*,#.#
..P..^P.P.P....**...,*
P.P.P.P.PPP#.##*#.#,* #
P...P.P......###..,,,...
PPP.PPPPPPP..##.###.....
##. #...........@...#
############.##k###.#**
..♣P#P## #.###.#*, ,
≈..♣P#.♣ #.# *#.#,
8....<♣# #.# *#..
≈..♣P#.♣ #.# ###∆
..♣P#P## *#.# * , , **
####### ,..# , *** *


You could see a lindwurm shaped shifter (drained).

Vanquished Creatures
  A bat (D:1)
  A kobold (D:1)
  A rat (D:1)
3 creatures vanquished.

Notes
Turn   | Place    | Note
-------+----------+-------------------------------------------
     0 | D:1      | Froggeryz the Gnoll Chaos Knight began the quest for the
                  | Orb.
     0 | D:1      | Reached XP level 1. HP: 23/23 MP: 1/1
   132 | D:1      | Noticed a glowing shapeshifter
   132 | D:1      | an ooze changed into a glowing shapeshifter
   132 | D:1      | Noticed a moth of wrath
   132 | D:1      | a glowing shapeshifter changed into a moth of wrath
   134 | D:1      | Noticed a lindwurm
   134 | D:1      | a moth of wrath changed into a lindwurm
   136 | D:1      | XOM: divination: magic mapping
   138 | D:1      | Slain by a lindwurm (glowing shapeshifter)

Illustrated notes

Levels and vault maps discovered:
D:1:      tarquinn_simple_flora_water_d, layout_loops_ring,
          roderic_serpentine_path, hangedman_glass_teeth, minmay_hedge_maze

Action                   || total
-------------------------++-------
Melee: Hand axe          ||    14
       Bite              ||     1
 Stab: Paralysed         ||     1
       Sleeping          ||     1
Dodge: Dodged            ||     7

Table legend:
 A = Non-vault XP
 B = Vault XP
 C = Vault XP percentage of total XP
 D = Non-vault monster count
 E = Vault monster count
 F = Vault count percentage of total count
                 A         B        C        D         E       F
            +---------+---------+-------+---------+---------+-------
      Total |       5 |       0 |   0.0 |       3 |       0 |   0.0
            +---------+---------+-------+---------+---------+-------
        D:1 |       5 |       0 |   0.0 |       3 |       0 |   0.0
            +---------+---------+-------+---------+---------+-------
